 Dungeon Sprint DCSS version 0.32-a0-329-ge6c31236d6 (webtiles) character file.

Game seed: 8840887309942886824

1269 fozzywoppz the Unseen (level 8, -2/53 HPs)
             Began as a Kobold Brigand on Feb 16, 2024.
             Was a Believer of Uskayaw.
             Slain by a two-headed ogre
             ... wielding a +0 giant club
              (18 damage)
             ... in the Dungeon (Sprint III: "The Ten Rune Challenge").
             The game lasted 00:04:45 (650 turns).

fozzywoppz the Unseen (Kobold Brigand)               Turns: 650, Time: 00:04:46

Health: -2/53      AC:  4    Str:  8    XL:     8   Next: 82%
Magic:  8/8        EV: 22    Int: 13    God:    Uskayaw [**....]
Gold:   26         SH:  0    Dex: 18    Spells: 7/7 levels left

rFire   . . .        a - +2 dagger
rCold   . . .        (no shield)
rNeg    . . .        g - +0 leather armour
rPois   .            (no helmet)
rElec   .            c - +0 cloak
rCorr   .            (no gloves)
SInv    .            (no boots)
Will    .....        (no amulet)
Stlth   +++++++      (no ring)
HPRegen 0.28/turn    (no ring)
MPRegen 0.11/turn

%: no teleportation
@: no status effects
A: small, no large weapons, nightstalker 3
a: Renounce Religion, Stomp, Line Pass


You were in the Dungeon.
You worshipped Uskayaw.
Uskayaw was noncommittal.
You visited 1 branch You collected 26 gold pieces.

Inventory:

Hand Weapons
 a - a +2 dagger (weapon)
 b - a +0 short sword
Missiles
 d - 9 poisoned darts (quivered)
 e - 3 curare-tipped darts
 m - 7 stones
Armour
 c - a +0 cloak (worn)
 g - a +0 leather armour (worn)
Scrolls
 k - a scroll of blinking
 n - a scroll of poison
 q - a scroll of torment
Potions
 f - a potion of curing
 h - a potion of haste
 i - 2 potions of magic
 l - 5 potions of mutation
 p - 2 potions of enlightenment
 r - a potion of ambrosia
Miscellaneous
 j - a phial of floods


   Skills:
 + Level 7.2 Fighting
 - Level 10.0 Short Blades
 - Level 2.1 Throwing
 + Level 12.3 Dodging
 + Level 17.1 Stealth


You had 7 spell levels left.
You didn't know any spells.
Your spell library contained the following spells:

 Spells                   Type           Power      Damage    Failure   Level
 Apportation              Tloc           0%         N/A       41%         1
 Necrotise                Necr           0%         1d4       41%         1
 Sting                    Conj/Alch      0%         1d3       41%         1
 Summon Small Mammal      Summ           0%         N/A       41%         1


Dungeon Overview and Level Annotations

Branches:
Dungeon (1/1)

Altars:
Cheibriados
Dithmenos
Elyvilon
Fedhas
Gozag
Hepliaklqana
Kikubaaqudgha
Makhleb
Nemelex Xobeh
Okawaru
Qazlal
Ru
Sif Muna
Trog
Uskayaw
Vehumet
Wu Jian
Xom
Yredelemnul
Zin
The Shining One
Beogh
Jiyva
Lugonu


Innate Abilities, Weirdness & Mutations

You are small and have problems with some larger weapons.
You are completely attuned to the shadows.


Message History

You hit the two-headed ogre.
The two-headed ogre is heavily wounded.
You hit the two-headed ogre.
The two-headed ogre is heavily wounded.
The two-headed ogre misses you. x2
You can now pass through a line of other dancers.
You hit the two-headed ogre but do no damage.
The two-headed ogre is heavily wounded.
You barely miss the two-headed ogre.
The two-headed ogre is heavily wounded.
You hit the two-headed ogre.
The two-headed ogre is heavily wounded.
The two-headed ogre misses you. The two-headed ogre closely misses you.
You hit the two-headed ogre.
The two-headed ogre is severely wounded.
You hit the two-headed ogre.
The two-headed ogre is severely wounded.
You hit the two-headed ogre.
The two-headed ogre is severely wounded.
The two-headed ogre hits you with a +0 giant club!!
Ouch! That really hurt!
The two-headed ogre closely misses you.
You hit the two-headed ogre but do no damage.
The two-headed ogre is severely wounded.
You hit the two-headed ogre but do no damage.
The two-headed ogre is severely wounded.
You barely miss the two-headed ogre.
The two-headed ogre is severely wounded.
The two-headed ogre misses you.
The two-headed ogre hits you with a +0 dire flail!
You completely miss the two-headed ogre.
The two-headed ogre is severely wounded.
You hit the two-headed ogre.
The two-headed ogre is almost dead.
You closely miss the two-headed ogre.
The two-headed ogre is almost dead.
The two-headed ogre misses you.
The two-headed ogre hits you with a +0 dire flail!!
You die...
Your body falls in perfect tune with the rhythm.

..###'#'###'##
..#.......)..#
..'.⌠........#
..#...######'#
..#.⌠.#__#...#+# ##
..#...#__#...#..
.#O
..#'###__#...##.#..
..#.))#__#...'##O#
..#___#__'...#..@#
▓▓▓▓▓▓▓▓▓▓▓▓▓▓▓▓▓▓


You could see a two-headed ogre.

Vanquished Creatures
  A deep elf pyromancer (D)
  A shadow (D)
  A spatial vortex (D)
  A weeping skull (D)
  A water elemental (D)
  A wight (D)
  A burial acolyte (D)
  A jelly (D)
  A kobold demonologist (D)
  3 humans (D)
  A phantom (D)
  2 endoplasms (D)
  2 rats (D)
17 creatures vanquished.

Notes
Turn   | Place    | Note
-------+----------+-------------------------------------------
     0 | D        | fozzywoppz the Kobold Brigand began the quest for the Orb.
     0 | D        | Reached XP level 1. HP: 12/12 MP: 1/1
    31 | D        | Reached skill level 6 in Stealth
    37 | D        | Reached XP level 2. HP: 13/17 MP: 2/2
    97 | D        | Reached skill level 5 in Short Blades
    97 | D        | Reached skill level 7 in Stealth
    97 | D        | Reached XP level 3. HP: 11/21 MP: 3/3
   146 | D        | Noticed a water elemental
   149 | D        | Killed a water elemental
   150 | D        | Reached skill level 5 in Dodging
   150 | D        | Reached skill level 8 in Stealth
   150 | D        | Reached XP level 4. HP: 26/26 MP: 4/4
   153 | D        | Found a radiant altar of Vehumet.
   154 | D        | Found a shimmering blue altar of Sif Muna.
   154 | D        | Found an ancient bone altar of Kikubaaqudgha.
   154 | D        | Noticed a burial acolyte
   155 | D        | Killed a burial acolyte
   156 | D        | Reached skill level 9 in Stealth
   156 | D        | Reached XP level 5. HP: 30/30 MP: 5/5
   158 | D        | Reached skill level 10 in Stealth
   169 | D        | Found a glowing silver altar of Zin.
   170 | D        | Found a glowing golden altar of the Shining One.
   170 | D        | Found a white marble altar of Elyvilon.
   170 | D        | Noticed a deep elf pyromancer
   172 | D        | Killed a deep elf pyromancer
   173 | D        | Reached skill level 10 in Short Blades
   173 | D        | Reached skill level 10 in Dodging
   173 | D        | Reached skill level 15 in Stealth
   173 | D        | Reached XP level 6. HP: 37/37 MP: 6/6
   173 | D        | Reached XP level 7. HP: 41/41 MP: 7/7
   177 | D        | Found a hide-covered altar of Uskayaw.
   177 | D        | Found an iron altar of Okawaru.
   178 | D        | Found a roughly hewn altar of Beogh.
   178 | D        | Found a bloodstained altar of Trog.
   178 | D        | Found an ornate altar of the Wu Jian Council.
   178 | D        | Noticed a human
   178 | D        | Noticed a human
   240 | D        | Killed a human
   241 | D        | Reached XP level 8. HP: 21/48 MP: 8/8
   246 | D        | Killed a human
   247 | D        | Reached skill level 5 in Fighting
   247 | D        | Reached skill level 16 in Stealth
   363 | D        | Became a worshipper of Uskayaw the Reveller
   370 | D        | Found a shadowy altar of Dithmenos.
   371 | D        | Found a basalt altar of Yredelemnul.
   371 | D        | Found a sacrificial altar of Ru.
   384 | D        | Reached * piety under Uskayaw
   391 | D        | Reached ** piety under Uskayaw
   426 | D        | Reached *** piety under Uskayaw
   567 | D        | Noticed a shadow
   569 | D        | Killed a shadow
   581 | D        | Found a blossoming altar of Fedhas.
   581 | D        | Found a stormy altar of Qazlal.
   581 | D        | Found a snail-covered altar of Cheibriados.
   581 | D        | Found a burning altar of Makhleb.
   581 | D        | Found a shimmering altar of Xom.
   582 | D        | Found a hazy altar of Hepliaklqana.
   582 | D        | Found an opulent altar of Gozag.
   582 | D        | Found a sparkling altar of Nemelex Xobeh.
   582 | D        | Found a corrupted altar of Lugonu.
   582 | D        | Found a viscous altar of Jiyva.
   586 | D        | Reached skill level 17 in Stealth
   650 | D        | Slain by a two-headed ogre

Illustrated notes

Levels and vault maps discovered:
D:        dungeon_sprint_mu [sprint_mu_entry_cave, sprint_mu_temple_rooms,
          sprint_mu_d1_spiders, sprint_mu_d2_genie, sprint_mu_d3_branching,
          sprint_mu_orc_legion, sprint_mu_elf_gauntlet, sprint_mu_hive_nellie,
          sprint_mu_lair_fedhas, sprint_mu_vaults_butterflies,
          sprint_mu_slime_circle, sprint_mu_swamp_cave, sprint_mu_snake_twists,
          sprint_mu_blade_basic, sprint_mu_crypt_chambers,
          sprint_mu_tomb_spiral, sprint_mu_vestibule_basic,
          sprint_mu_gehenna_hellfire, sprint_mu_dis_giant,
          sprint_mu_tartarus_statrot, sprint_mu_cocytus_islands, sprint_mu_zot1]

Skill      XL: |  1  2  3  4  5  6  7  8 |
---------------+-------------------------+-----
Short Blades   | 3 5 7 8 10 | 10.0
Dodging        | 2 4 5 6 10 12 | 12.3
Stealth        | 6 7 8 9 15 17 | 17.1
Fighting       | 3 4 7 |  7.2
Throwing       | |  2.1

Action                     |  1- 3 |  4- 6 |  7- 9 || total
---------------------------+-------+-------+-------++-------
  Melee: Dagger            |    26 |     3 |   130 ||   159
  Throw: Dart              |     2 |       |     5 ||     7
    Use: Potion            |       |       |     3 ||     3
         Scroll            |       |       |     3 ||     3
   Stab: Sleeping          |     4 |     3 |     2 ||     9
         Paralysed         |       |       |     2 ||     2
 Armour: Robe              |     7 |       |    13 ||    20
         Leather armour    |       |       |    14 ||    14
  Dodge: Dodged            |    10 |       |    73 ||    83

Table legend: (Time is in decaauts)
 A = Elapsed time spent in this place.
 B = Non-inter-level travel time spent in this place.
 C = Inter-level travel time spent in this place.
 D = Time resting spent in this place.
 E = Time spent auto-exploring this place.
 F = Levels seen in this place.
 G = Mean time per level.
                   A        B        C        D        E       F      G
               +--------+--------+--------+--------+--------+-----+--------+
         Total |    586 |    586 |      0 |    265 |      6 |   1 |  586.0 |
       Dungeon |    586 |    586 |      0 |    265 |      6 |   1 |  586.0 |
               +--------+--------+--------+--------+--------+-----+--------+

Top non-repeatable levels by time:
       D: 586 daAuts
